 Dungeon Crawl Stone Soup version 0.26-a0-651-gb41185065b (webtiles) character file.

Game seed: 15269368589200565124

67 Flugslaktarn the Covered (level 3, 0/34 HPs)
             Began as a Deep Dwarf Fighter on Oct 6, 2020.
             Slain by an ice beast (10 damage)
             ... on level 5 of the Dungeon.
             The game lasted 00:00:41 (1311 turns).

Flugslaktarn the Covered (Deep Dwarf Fighter)       Turns: 1311, Time: 00:00:41

Health: 0/34       AC: 13    Str: 20    XL:     3   Next: 98%
Magic:  3/3        EV:  3    Int:  8    God:
Gold:   99         SH:  9    Dex: 12    Spells: 2/2 levels left

rFire    . . .     SeeInvis .   a - +0 war axe
rCold    . . .     Faith    .   c - +0 kite shield
rNeg     . . .     Spirit   .   m - +0 plate armour
rPois    .         Reflect  .   (no helmet)
rElec    .         Harm     .   (no cloak)
rCorr    .         Rampage  .   s - +1 pair of gloves
MR       .....                  (no boots)
Stlth    ..........             (no amulet)
HPRegen  0.00/turn              (no ring)
MPRegen  0.08/turn              (no ring)

@: non-regenerating
A: damage resistance, heal wounds, sense surroundings 1, no regeneration
a: Heal Wounds


You were on level 5 of the Dungeon.
You visited 1 branch of the dungeon, and saw 5 of its levels.

You collected 99 gold pieces.

Inventory:

Hand Weapons
 a - a +0 war axe (weapon)
Armour
 b - a +0 scale mail
 c - a +0 kite shield (worn)
 m - a +0 plate armour (worn)
   (You found it on level 2 of the Dungeon)
 s - a +1 pair of gloves (worn)
   (You found it on level 4 of the Dungeon)
Jewellery
 i - an uncursed ring of magical power {unknown}
   (You found it on level 2 of the Dungeon)
 k - an uncursed amulet of regeneration {unknown}
   (You found it on level 2 of the Dungeon)
 p - an uncursed ring of fire {unknown}
   (You found it on level 4 of the Dungeon)
Scrolls
 t - a scroll of teleportation
 x - a scroll of remove curse
Potions
 d - a potion of might
 f - 3 potions of cancellation {unknown}
 g - 2 potions of degeneration {unknown}
 h - a potion of invisibility {unknown}
 l - a potion of curing {unknown}
 q - a potion of mutation {unknown}
 r - a potion of haste {unknown}


   Skills:
 * Level 3.3 Fighting
 * Level 3.3 Axes
 + Level 3.6 Armour
 + Level 3.6 Shields


You had 2 spell levels left.
You didn't know any spells.
Your spell library was empty.

Dungeon Overview and Level Annotations

Branches:
Dungeon (5/15)
 Temple: D:4-7

Altars:
Ashenzari
Trog


Innate Abilities, Weirdness & Mutations

You are resistant to damage.
You can heal yourself by infusing magical energy.
You passively map a small area around you.
You do not regenerate.


Message History

You feel much better.
The ice beast hits you but does no damage.
You hit the ice beast but do no damage.
The ice beast hits you but does no damage.
You block the ice beast's attack.
You hit the ice beast but do no damage.
The ice beast hits you but does no damage.
You hit the ice beast.
The ice beast is lightly wounded.
The ice beast hits you. The ice beast freezes you!
You block the ice beast's attack.
You closely miss the ice beast.
The ice beast is lightly wounded.
The ice beast completely misses you.
You closely miss the ice beast.
The ice beast is lightly wounded.
The ice beast hits you. The ice beast freezes you! The ice beast hits you.
* * * LOW HITPOINT WARNING * * *
The ice beast freezes you!
You die...

##.......#
#.......# *
#.#...... *
#.#....## , ,
#.###### *
#?# * #.# *
#.# , *#@#
,.......Y...#
, *
)..###.....#
*
_#####...).#
* ...
##..####
..,.....# .
......# *
*##.....# , ,
* * ,


You could see an ice beast.

Vanquished Creatures
  A worker ant (D:4)
  2 adders
  An adder skeleton (D:4)
  3 dart slugs
  A leopard gecko (D:2)
  A ball python (D:2)
  A bat (D:2)
  3 giant cockroaches (D:1)
  A hobgoblin (D:1)
  3 frilled lizards
  2 rats (D:2)
19 creatures vanquished.

Notes
Turn   | Place    | Note
-------+----------+-------------------------------------------
     0 | D:1      | Flugslaktarn the Deep Dwarf Fighter began the quest for the
                  | Orb.
     0 | D:1      | Reached XP level 1. HP: 20/20 MP: 1/1
    51 | D:1      | Reached XP level 2. HP: 21/27 MP: 2/2
   540 | D:3      | Reached XP level 3. HP: 18/34 MP: 3/3
   544 | D:3      | Found a bloodstained altar of Trog.
  1284 | D:5      | Entered Level 5 of the Dungeon
  1294 | D:5      | Noticed an ice beast
  1297 | D:5      | Found a broken altar of Ashenzari.
  1311 | D:5      | Slain by an ice beast

Illustrated notes

Levels and vault maps discovered:
D:1:      dpeg_arrival_more_subterranean_lakeside_camping, layout_basic,
          st_stairs_1
D:2:      layout_basic
D:3:      layout_basic, elyvilon_altar_5, gammafunk_ghost_abyssal_escape,
          trog_three_pillars_becter
D:4:      layout_loops_ring
D:5:      layout_basic, basic_altar, hangedman_decor_peaks_small,
          cheibrodos_ashenzari_chains, uniq_pikel

Skill      XL: |  1  2 |
---------------+-------+-----
Fighting       | 3 |  3.3
Axes           | 3 |  3.3
Armour         | |  3.6
Shields        | |  3.6

Action                   || total
-------------------------++-------
Melee: War axe           ||    95
 Abil: Heal Wounds       ||     2
  Use: Scroll            ||     4
Armor: Scale mail        ||    28
       Plate armour      ||    34
Dodge: Dodged            ||    25
Block: Kite shield       ||    45

Table legend: (Time is in decaauts)
 A = Elapsed time spent in this place.
 B = Non-inter-level travel time spent in this place.
 C = Inter-level travel time spent in this place.
 D = Time resting spent in this place.
 E = Time spent auto-exploring this place.
 F = Levels seen in this place.
 G = Mean time per level.
                   A        B        C        D        E       F      G
               +--------+--------+--------+--------+--------+-----+--------+
         Total |   1353 |   1057 |    296 |      0 |    832 |   5 |  270.6 |
       Dungeon |   1353 |   1057 |    296 |      0 |    832 |   5 |  270.6 |
               +--------+--------+--------+--------+--------+-----+--------+

Top non-repeatable levels by time:
     D:4: 733 daAuts
     D:2: 372 daAuts
     D:1: 142 daAuts
     D:3: 72 daAuts
     D:5: 33 daAuts
